| TOP OF THE 1ST |
|
San Francisco Giants batting - Pitching for Arizona Diamondbacks : RHP Nate Machado
|
|
Pitching: RHP Nate Machado
|
|
|
Batting: RHB Philip Jansen
|
0-0: Foul Ball, location: 2F 0-1: DOUBLE (Flyball, 8RXD, EV 96.9 MPH)
|
|
Batting: LHB Mason Duffy
|
0-0: Ball 1-0: Foul Ball, location: 2F 1-1: Called Strike 1-2: Foul Ball, location: 2F 1-2: Strikes out swinging
|
|
Batting: LHB Jack Henningar
|
0-0: Ball 1-0: Ball 2-0: Called Strike 2-1: Fly out, F9 (Flyball, 9S, EV 86.2 MPH)
|
|
Batting: RHB Sean Zielinski
|
0-0: Foul Ball, location: 2F 0-1: Fly out, F7 (Flyball, 7, EV 81.2 MPH)
|
| Top of the 1st over - 0 runs, 1 hit, 0 errors, 1 left on base; San Francisco 0 - Arizona 0 |
| BOTTOM OF THE 1ST |
|
Arizona Diamondbacks batting - Pitching for San Francisco Giants : LHP Chong-yeol Wong
|
|
Pitching: LHP Chong-yeol Wong
|
|
|
Batting: SHB Alec Thorpe
|
0-0: Foul Ball, location: 2F 0-1: Ball 1-1: Fly out, F4 (Flyball, 4D, EV 90.0 MPH)
|
|
Batting: RHB Katilimomi Kelekolio
|
0-0: Ground out 5-3 (Groundball, 56S, EV 78.8 MPH)
|
|
Batting: RHB Andy Swaim
|
0-0: Swinging Strike 0-1: Ball 1-1: Swinging Strike 1-2: Strikes out swinging
|
| Bottom of the 1st over - 0 runs, 0 hits, 0 errors, 0 left on base; San Francisco 0 - Arizona 0 |
| TOP OF THE 2ND |
|
San Francisco Giants batting - Pitching for Arizona Diamondbacks : RHP Nate Machado
|
|
Batting: LHB Luis Magdaleno
|
0-0: Ball 1-0: DOUBLE (Line Drive, 78D, EV 106.9 MPH)
|
|
Batting: SHB Bill Dooms
|
0-0: Called Strike 0-1: Swinging Strike 0-2: Ball 1-2: Strikes out looking
|
|
Batting: RHB Nate Hodson
|
0-0: Ball 1-0: Fly out, F9 (Flyball, 9LS, EV 81.2 MPH)
|
|
Batting: RHB Bill Defazio
|
0-0: Ball 1-0: Ball 2-0: Ball 3-0: Called Strike 3-1: Base on Balls
|
|
Batting: RHB Ruben Garza
|
0-0: DOUBLE (Line Drive, 78D, EV 105.0 MPH) Luis Magdaleno scores Bill Defazio to third Runner from 3rd tries for Home, SAFE, throw by CF to home
|
|
Batting: RHB Philip Jansen
|
0-0: Called Strike 0-1: Foul Ball, location: 2F 0-2: DOUBLE (Flyball, 8RXD, EV 108.1 MPH) Ruben Garza scores
|
|
Batting: LHB Mason Duffy
|
0-0: Called Strike 0-1: Foul Ball, location: 2F 0-2: Ball 1-2: Ball 2-2: Ground out U3 (Groundball, 34S, EV 86.2 MPH)
|
| Top of the 2nd over - 3 runs, 3 hits, 0 errors, 1 left on base; San Francisco 3 - Arizona 0 |
| BOTTOM OF THE 2ND |
|
Arizona Diamondbacks batting - Pitching for San Francisco Giants : LHP Chong-yeol Wong
|
|
Batting: SHB Perry Tuckfard
|
0-0: Ball 1-0: Called Strike 1-1: Ball 2-1: Foul Ball, location: 2F 2-2: SINGLE (Line Drive, 78M, EV 96.9 MPH)
|
|
Batting: RHB David Casas
|
0-0: Called Strike 0-1: Ball 1-1: Foul Ball, location: 2F 1-2: Strikes out swinging
|
|
Batting: RHB Bob Najar
|
0-0: Ball 1-0: Ball Perry Tuckfard steals 2nd base 2-0: Ball 3-0: Called Strike 3-1: Foul Ball, location: 2F 3-2: Foul Ball, location: 2F 3-2: Base on Balls
|
|
Batting: LHB Joel Kunkler
|
0-0: Foul Ball, location: 2F 0-1: Ball 1-1: Ball 2-1: Called Strike Perry Tuckfard steals 3rd base (no throw) Bob Najar to second 2-2: Ball 3-2: 3-RUN HOME RUN (Flyball, 89XD, EV 109.4 MPH), Distance : 415 ft
|
|
Batting: SHB Warren Eisner
|
0-0: Ball 1-0: Ground out 6-3 (Groundball, 6, EV 87.5 MPH)
|
|
Batting: LHB Roy Steigerwald
|
0-0: Swinging Strike 0-1: Ball 1-1: SINGLE (Groundball, 56D, EV 101.9 MPH)
|
|
Batting: SHB Alec Thorpe
|
0-0: Called Strike Roy Steigerwald is caught stealing 2nd base 2-4
|
| Bottom of the 2nd over - 3 runs, 3 hits, 0 errors, 0 left on base; San Francisco 3 - Arizona 3 |
| TOP OF THE 3RD |
|
San Francisco Giants batting - Pitching for Arizona Diamondbacks : RHP Nate Machado
|
|
Batting: LHB Jack Henningar
|
0-0: Foul Ball, location: 2F 0-1: Ball 1-1: Swinging Strike 1-2: Foul Ball, location: 2F 1-2: Ground out 4-3 (Groundball, 4, EV 91.9 MPH)
|
|
Batting: RHB Sean Zielinski
|
0-0: Called Strike 0-1: Called Strike 0-2: Ball 1-2: Ball 2-2: Foul Ball, location: 2F 2-2: Foul Ball, location: 2F 2-2: Ball 3-2: DOUBLE (Line Drive, 89M, EV 90.0 MPH)
|
|
Batting: LHB Luis Magdaleno
|
0-0: Called Strike 0-1: Swinging Strike 0-2: Strikes out swinging
|
|
Batting: SHB Bill Dooms
|
0-0: Called Strike 0-1: SINGLE (Line Drive, 8LS, EV 111.9 MPH) Sean Zielinski to third Runner from 3rd tries for Home, SAFE, throw by CF to home
|
|
Batting: RHB Nate Hodson
|
0-0: Ball 1-0: Ball 2-0: Called Strike 2-1: Swinging Strike 2-2: Ball 3-2: Strikes out swinging
|
| Top of the 3rd over - 1 run, 2 hits, 0 errors, 1 left on base; San Francisco 4 - Arizona 3 |
| BOTTOM OF THE 3RD |
|
Arizona Diamondbacks batting - Pitching for San Francisco Giants : LHP Chong-yeol Wong
|
|
Batting: SHB Alec Thorpe
|
0-0: Called Strike 0-1: Foul Ball, location: 2F 0-2: Foul Ball, location: 2F 0-2: Ball 1-2: Ball 2-2: Ball 3-2: Ground out U3 (Groundball, 3, EV 84.4 MPH)
|
|
Batting: RHB Katilimomi Kelekolio
|
0-0: Called Strike 0-1: Ball 1-1: Foul Ball, location: 2F 1-2: Fly out, F4 (Line Drive, 4, EV 62.5 MPH)
|
|
Batting: RHB Andy Swaim
|
0-0: Ball 1-0: Ball 2-0: Ball 3-0: Called Strike 3-1: Base on Balls
|
|
Batting: SHB Perry Tuckfard
|
0-0: Ball 1-0: Ball 2-0: Called Strike 2-1: Ball 3-1: Base on Balls Andy Swaim to second
|
|
Batting: RHB David Casas
|
0-0: Called Strike 0-1: Fly out, F6 (Popup, 6MS, EV 76.9 MPH)
|
| Bottom of the 3rd over - 0 runs, 0 hits, 0 errors, 2 left on base; San Francisco 4 - Arizona 3 |
| TOP OF THE 4TH |
|
San Francisco Giants batting - Pitching for Arizona Diamondbacks : RHP Nate Machado
|
|
Batting: RHB Bill Defazio
|
0-0: Ball 1-0: Ground out 4-3 (Groundball, 4, EV 80.0 MPH)
|
|
Batting: RHB Ruben Garza
|
0-0: Called Strike 0-1: Ball 1-1: Foul Ball, location: 2F 1-2: Fly out, F7 (Flyball, 7LM, EV 91.2 MPH)
|
|
Batting: RHB Philip Jansen
|
0-0: Called Strike 0-1: Fly out, F9 (Line Drive, 9S, EV 96.2 MPH)
|
| Top of the 4th over - 0 runs, 0 hits, 0 errors, 0 left on base; San Francisco 4 - Arizona 3 |
| BOTTOM OF THE 4TH |
|
Arizona Diamondbacks batting - Pitching for San Francisco Giants : LHP Chong-yeol Wong
|
|
Batting: RHB Bob Najar
|
0-0: Ball 1-0: SINGLE (Line Drive, 8LS, EV 108.1 MPH)
|
|
Batting: LHB Joel Kunkler
|
0-0: Ball 1-0: TRIPLE (Flyball, 78XD, EV 95.0 MPH) Bob Najar scores
|
|
Batting: SHB Warren Eisner
|
0-0: Ground out 6-3 (Groundball, 4M, EV 91.9 MPH) Joel Kunkler scores
|
|
Batting: LHB Roy Steigerwald
|
0-0: Ball 1-0: Ball 2-0: Called Strike 2-1: Reached on error, E4 (Groundball, 34, EV 90.0 MPH)
|
|
Batting: SHB Alec Thorpe
|
0-0: Ball 1-0: Foul Ball, location: 2F 1-1: Ball 2-1: Swinging Strike 2-2: Foul Ball, location: 2F 2-2: Ball 3-2: Foul Ball, location: 2F 3-2: Base on Balls Roy Steigerwald to second
|
|
Pitching: RHP Josh Lister
|
|
|
Batting: RHB Katilimomi Kelekolio
|
0-0: Called Strike 0-1: Foul Ball, location: 2F 0-2: Ball 1-2: Ball 2-2: Strikes out looking
|
|
Batting: RHB Andy Swaim
|
0-0: Ball 1-0: Swinging Strike 1-1: Fly out, F8 (Line Drive, 8LD, EV 89.4 MPH)
|
| Bottom of the 4th over - 2 runs, 2 hits, 1 error, 2 left on base; San Francisco 4 - Arizona 5 |
| TOP OF THE 5TH |
|
San Francisco Giants batting - Pitching for Arizona Diamondbacks : RHP Nate Machado
|
|
Batting: LHB Mason Duffy
|
0-0: Ball 1-0: Swinging Strike 1-1: Foul Ball, location: 2F 1-2: Ball 2-2: Foul Ball, location: 2F 2-2: Strikes out looking
|
|
Batting: LHB Jack Henningar
|
0-0: Swinging Strike 0-1: Ball 1-1: Foul Ball, location: 2F 1-2: Ball 2-2: Foul Ball, location: 2F 2-2: Ball 3-2: Base on Balls
|
|
Batting: RHB Sean Zielinski
|
0-0: Ball 1-0: Ball 2-0: Called Strike Jack Henningar is caught stealing 2nd base 2-4 2-1: Ball 3-1: Fly out, F8 (Flyball, 8LM, EV 98.1 MPH)
|
| Top of the 5th over - 0 runs, 0 hits, 0 errors, 0 left on base; San Francisco 4 - Arizona 5 |
| BOTTOM OF THE 5TH |
|
Arizona Diamondbacks batting - Pitching for San Francisco Giants : RHP Josh Lister
|
|
Batting: SHB Perry Tuckfard
|
0-0: Foul Ball, location: 2F 0-1: Called Strike 0-2: Fly out, F9 (Flyball, 9, EV 91.2 MPH)
|
|
Batting: RHB David Casas
|
0-0: Called Strike 0-1: Ball 1-1: Foul Ball, location: 2F 1-2: Strikes out swinging
|
|
Batting: RHB Bob Najar
|
0-0: Ball 1-0: Ball 2-0: Foul Ball, location: 2F 2-1: Foul Ball, location: 2F 2-2: Ball 3-2: Strikes out swinging
|
| Bottom of the 5th over - 0 runs, 0 hits, 0 errors, 0 left on base; San Francisco 4 - Arizona 5 |
| TOP OF THE 6TH |
|
San Francisco Giants batting - Pitching for Arizona Diamondbacks : RHP Nate Machado
|
|
Batting: LHB Luis Magdaleno
|
0-0: Ball 1-0: Swinging Strike 1-1: DOUBLE (Groundball, 3L, EV 94.4 MPH)
|
|
Batting: SHB Bill Dooms
|
0-0: Called Strike 0-1: Ball 1-1: Called Strike 1-2: Foul Ball, location: 2F 1-2: Foul Ball, location: 2F 1-2: DOUBLE (Line Drive, 7LD, EV 103.1 MPH) Luis Magdaleno scores
|
|
Pitching: RHP Bill Pauley
|
|
|
Batting: RHB Nate Hodson
|
0-0: Ground out 6-3 (Groundball, 6, EV 97.5 MPH)
|
|
Batting: RHB Bill Defazio
|
0-0: Ground out 3-1 (Groundball, 34, EV 99.4 MPH) Bill Dooms to third
|
|
Batting: RHB Ruben Garza
|
0-0: Ball 1-0: Ball 2-0: Called Strike 2-1: Foul Ball, location: 2F 2-2: Ball 3-2: Ground out 1-3 (Groundball, 13S, EV 65.6 MPH)
|
| Top of the 6th over - 1 run, 2 hits, 0 errors, 1 left on base; San Francisco 5 - Arizona 5 |
| BOTTOM OF THE 6TH |
|
Arizona Diamondbacks batting - Pitching for San Francisco Giants : RHP Josh Lister
|
|
Batting: LHB Joel Kunkler
|
0-0: Called Strike 0-1: Ball 1-1: Ball 2-1: Foul Ball, location: 2F 2-2: Ball 3-2: Ground out 1-3 (Groundball, 34S, EV 64.4 MPH)
|
|
Batting: SHB Warren Eisner
|
0-0: Ball 1-0: Ball 2-0: SINGLE (Groundball, 34D, EV 96.2 MPH)
|
|
Batting: LHB Roy Steigerwald
|
0-0: Ball 1-0: Ball 2-0: Ball 3-0: Base on Balls Warren Eisner to second
|
|
Batting: SHB Alec Thorpe
|
0-0: Ball 1-0: Ball 2-0: Called Strike 2-1: Foul Ball, location: 2F 2-2: Strikes out swinging
|
|
Batting: RHB Katilimomi Kelekolio
|
0-0: SINGLE (Groundball, 4M, EV 103.8 MPH) (infield hit) Warren Eisner to third Roy Steigerwald to second
|
|
Batting: RHB Andy Swaim
|
0-0: Called Strike 0-1: Fly out, F7 (Flyball, 7D, EV 91.9 MPH)
|
| Bottom of the 6th over - 0 runs, 2 hits, 0 errors, 3 left on base; San Francisco 5 - Arizona 5 |
| TOP OF THE 7TH |
|
San Francisco Giants batting - Pitching for Arizona Diamondbacks : RHP Bill Pauley
|
|
Batting: RHB Philip Jansen
|
0-0: Called Strike 0-1: Ball 1-1: Ball 2-1: Fly out, F9 (Flyball, 89M, EV 98.1 MPH)
|
|
Batting: LHB Mason Duffy
|
0-0: Foul Ball, location: 2F 0-1: Called Strike 0-2: Foul Ball, location: 2F 0-2: Ball 1-2: Strikes out swinging
|
|
Batting: LHB Jack Henningar
|
0-0: Called Strike 0-1: Ball 1-1: Ball 2-1: Foul Ball, location: 2F 2-2: Ball 3-2: Strikes out swinging
|
| Top of the 7th over - 0 runs, 0 hits, 0 errors, 0 left on base; San Francisco 5 - Arizona 5 |
| BOTTOM OF THE 7TH |
|
Arizona Diamondbacks batting - Pitching for San Francisco Giants : RHP Josh Lister
|
|
Pitching: LHP Chris Moris
|
|
|
Batting: SHB Perry Tuckfard
|
0-0: Foul Ball, location: 2F 0-1: Ball 1-1: Called Strike 1-2: Foul Ball, location: 2F 1-2: Strikes out swinging
|
|
Batting: RHB David Casas
|
0-0: Ball 1-0: Called Strike 1-1: Ball 2-1: Ball 3-1: Foul Ball, location: 2F 3-2: Base on Balls
|
|
Batting: RHB Bob Najar
|
0-0: Ball 1-0: Ball 2-0: Called Strike 2-1: 2-RUN HOME RUN (Flyball, 78XD, EV 107.5 MPH), Distance : 429 ft
|
|
Batting: LHB Joel Kunkler
|
0-0: Called Strike 0-1: Called Strike 0-2: Foul Ball, location: 2F 0-2: Foul Ball, location: 2F 0-2: Fly out, F3 (Line Drive, 3L, EV 63.1 MPH)
|
|
Batting: SHB Warren Eisner
|
0-0: Called Strike 0-1: Ball 1-1: Fly out, F7 (Flyball, 78S, EV 84.4 MPH)
|
| Bottom of the 7th over - 2 runs, 1 hit, 0 errors, 0 left on base; San Francisco 5 - Arizona 7 |
| TOP OF THE 8TH |
|
San Francisco Giants batting - Pitching for Arizona Diamondbacks : RHP Bill Pauley
|
|
Pitching: RHP Adam Silbert
|
|
|
Now in CF: Mike Mentzer
|
|
|
Batting: RHB Sean Zielinski
|
0-0: Called Strike 0-1: Foul Ball, location: 2F 0-2: Foul Ball, location: 2F 0-2: Strikes out swinging
|
|
Batting: LHB Luis Magdaleno
|
0-0: Called Strike 0-1: Swinging Strike 0-2: Ball 1-2: Foul Ball, location: 2F 1-2: Foul Ball, location: 2F 1-2: Ball 2-2: Strikes out swinging
|
|
Batting: SHB Bill Dooms
|
0-0: Foul Ball, location: 2F 0-1: Ball 1-1: Foul Ball, location: 2F 1-2: Ball 2-2: Ball 3-2: Strikes out swinging
|
| Top of the 8th over - 0 runs, 0 hits, 0 errors, 0 left on base; San Francisco 5 - Arizona 7 |
| BOTTOM OF THE 8TH |
|
Arizona Diamondbacks batting - Pitching for San Francisco Giants : LHP Chris Moris
|
|
Batting: LHB Roy Steigerwald
|
0-0: Ball 1-0: Ball 2-0: Ball 3-0: Base on Balls
|
|
Batting: SHB Alec Thorpe
|
0-0: Ball 1-0: Ball 2-0: Sac Bunt to 13 - play at first, batter OUT! 1-3 Roy Steigerwald to second
|
|
Batting: RHB Katilimomi Kelekolio
|
0-0: DOUBLE (Line Drive, 9LM, EV 105.6 MPH) Roy Steigerwald scores
|
|
Pitching: RHP Jorge Sosa
|
|
|
Batting: RHB Andy Swaim
|
0-0: Ball 1-0: Called Strike Passed Ball! Katilimomi Kelekolio to third 1-1: Fly out, F7 (Flyball, 7, EV 89.4 MPH)
|
|
Batting: SHB Perry Tuckfard
|
0-0: Swinging Strike 0-1: Fly out, F8 (Flyball, 8LXD, EV 108.1 MPH)
|
| Bottom of the 8th over - 1 run, 1 hit, 0 errors, 1 left on base; San Francisco 5 - Arizona 8 |
| TOP OF THE 9TH |
|
San Francisco Giants batting - Pitching for Arizona Diamondbacks : RHP Adam Silbert
|
|
Pitching: RHP Mike Osgood
|
|
|
Batting: RHB Nate Hodson
|
0-0: Ball 1-0: Ball 2-0: Called Strike 2-1: Foul Ball, location: 2F 2-2: Ball 3-2: Base on Balls
|
|
Batting: RHB Bill Defazio
|
0-0: Foul Ball, location: 2F 0-1: Fly out, F8 (Line Drive, 8RM, EV 92.5 MPH)
|
|
Batting: RHB Ruben Garza
|
0-0: Ball 1-0: Ball 2-0: Ball 3-0: Called Strike 3-1: Base on Balls Nate Hodson to second
|
|
Batting: RHB Philip Jansen
|
0-0: Grounds into double play, 4-6-3 (Groundball, 4, EV 102.5 MPH)
|
| Top of the 9th over - 0 runs, 0 hits, 0 errors, 1 left on base; San Francisco 5 - Arizona 8 |
|